 Dungeon Crawl Stone Soup version 0.24.0-13-gcf9b319 (webtiles) character file.

Game seed: 15694754343608287721, levelgen mode: deterministic

30888 Bronimir the Destroyer (level 13, -3/50 HPs)
             Began as a Tengu Fire Elementalist on Mar 24, 2020.
             Was a High Priest of Ru.
             Slain by a flying skull (7 damage)
             ... on level 1 of the Abyss on Mar 25, 2020.
             The game lasted 01:41:59 (22089 turns).

Bronimir the Destroyer (Tengu Fire Elementalist)   Turns: 22089, Time: 01:42:00

Health: -3/50      AC: 14    Str:  6 (7)  XL:     13   Next: 54%
Magic:  1/18       EV: 17    Int: 13 (14) God:    Ru [*****.]
Gold:   937        SH:  0    Dex: 12 (13) Spells: 3/28 levels left

rFire    . . .     SeeInvis .   a - +2 glaive (venom)
rCold    . . .     Gourm    +   (shield currently unavailable)
rNeg     . . .     Faith    .   t - +2 troll leather armour
rPois    .         Spirit   .   Q - +1 hat
rElec    .         Reflect  .   g - +1 cloak
rCorr    .         Harm     .   M - +0 pair of gloves
MR       .....     Rnd*Rage +   (boots unavailable)
Stlth    ++........             s - amulet of the gourmand
HPRegen  0.56/turn              o - +3 ring of protection
MPRegen  0.16/turn              v - ring of wizardry

@: exhausted, flying quickly and evasively, lightly drained, quick
A: beak, talons 3, [berserk 3], [blurry vision 3], clumsy 1[+1], [deterioration
2], [dopey 2], [frail 3], low mp 1[+2], sense surroundings 1, [screaming 3],
strong 1, [weak 2], evolution 1, [subdued magic 3], inability to use devices,
MP-powered wands, inexperienced 1, able to fly
a: Stop Flying, Sacrifice Skill, Sacrifice an Eye, Sacrifice Words, Reject
Sacrifices, Draw Out Power, Power Leap, Apocalypse, Renounce Religion


You were on level 1 of the Abyss.
You worshipped Ru.
Ru was extremely pleased with you.
You were full.

You visited 4 branches of the dungeon, and saw 18 of its levels.
You visited the Abyss 1 time.
You also visited: Sewer.

You collected 1623 gold pieces.
You spent 686 gold pieces at shops.

Inventory:

Hand Weapons
 a - a +2 glaive of venom (weapon)
 b - a +0 arbalest
 e - a +0 trident of venom
 m - a +2 scimitar of flaming
 A - a +0 quarterstaff
 L - a +0 shortbow
Missiles
 f - 156 arrows
 l - 80 poisoned darts (quivered)
 J - 123 bolts
Armour
 g - a +1 cloak (worn)
 j - a +0 ring mail
 t - a +2 troll leather armour (worn)
 z - a cursed +0 scale mail
 K - a +0 buckler
 M - a +0 pair of gloves (worn)
 Q - a +1 hat (worn)
Jewellery
 h - an uncursed ring of positive energy {unknown}
 o - a +3 ring of protection (left hand)
 q - a +3 ring of protection
 s - an amulet of the gourmand (around neck)
 v - a ring of wizardry (right hand)
 w - an uncursed ring of magical power
 y - a +3 ring of dexterity {unknown}
 I - an uncursed ring of stealth {unknown}
 R - a cursed ring of attention {unknown}
Scrolls
 d - a scroll of amnesia
 n - 4 scrolls of identify
 p - 10 scrolls of remove curse
 r - 5 scrolls of teleportation
 u - 6 scrolls of magic mapping
 x - a scroll of brand weapon {unknown}
 G - a scroll of holy word
Potions
 i - 3 potions of resistance
 k - a potion of berserk rage
 B - 2 potions of haste
 C - 3 potions of might
 E - a potion of magic {unknown}
 F - 4 potions of flight
 H - 2 potions of curing
 N - a potion of brilliance {unknown}
 O - a potion of mutation
 P - a potion of cancellation
 S - 4 potions of agility
Comestibles
 c - 20 rations


   Skills:
 + Level 5.1 Fighting
 + Level 9.6(9.5) Polearms
   Level 0.8(1.6) Slings
 + Level 1.4(1.3) Crossbows
 + Level 2.3 Throwing
 - Level 7.0(6.9) Armour
 + Level 7.0(6.9) Dodging
 - Level 2.0 Stealth
 + Level 3.6(3.5) Shields
 + Level 8.2(8.1) Spellcasting
 + Level 13.2 Conjurations
 * Level 4.5(4.4) Summonings
 + Level 12.3(12.2) Fire Magic


You had 3 spell levels left.
You knew the following spells:

 Your Spells              Type           Power        Failure   Level  Hunger
a - Flame Tongue          Conj/Fire      ###..        0%          1    None
b - Throw Flame           Conj/Fire      ###...       0%          2    None
c - Conjure Flame         Conj/Fire      ###.....     1%          3    ##.....
d - Sticky Flame          Conj/Fire      ###.....     1%          4    ####...
e - Fireball              Conj/Fire      ###.......   1%          5    #####..
f - Bolt of Fire          Conj/Fire      ###.......   3%          6    #######
g - Summon Lightning Spi  Summ/Air       #.......     21%         4    ####...

Your spell library contained the following spells:

 Spells                   Type           Power        Failure   Level  Hunger
 Dazzling Spray           Conj/Hex       ##....       1%          3    ##.....
 Inner Flame              Hex/Fire       ##......     1%          3    ##.....
 Ignite Poison            Fire/Tmut/Pois #.......     2%          3    ##.....
 Beastly Appendage        Tmut           #.....       4%          1    None
 Corona                   Hex            #......      4%          1    None
 Recall                   Summ/Tloc      N/A          6%          3    ##.....
 Ensorcelled Hibernation  Hex/Ice        #.....       8%          2    None
 Sticks to Snakes         Tmut           #.......     8%          2    None
 Confuse                  Hex            #.......     16%         3    ##.....
 Spider Form              Tmut/Pois      #.........   16%         3    ##.....
 Tukima's Dance           Hex            #.......     16%         3    ##.....
 Aura of Abjuration       Summ           #.........   24%         5    #####..
 Summon Demon             Summ           #.........   24%         5    #####..
 Ice Form                 Ice/Tmut       #.......     47%         4    ####...
 Conjure Ball Lightning   Conj/Air       ##........   50%         6    #######
 Summon Forest            Summ/Tloc      #.........   52%         5    #####..
 Summon Mana Viper        Hex/Summ       #.......     52%         5    #####..
 Shadow Creatures         Summ           N/A          78%         6    #######
 Blade Hands              Tmut           #.........   83%         5    #####..
 Silence                  Hex/Air        #.........   83%         5    #####..
 Ignition                 Fire           ###.......   92%         8    #######
 Ring of Flames           Chrm/Fire      ##........   98%         7    #######
 Deflect Missiles         Chrm/Air       #.........   100%        6    #######
 Tornado                  Air            #.........   100%        9    #######


Dungeon Overview and Level Annotations

Branches:
Dungeon (10/15)            Temple (0/1) D:4            Lair (5/6) D:8
 Shoals (0/4) Lair:4        Snake (0/4) Lair:2          Orc (2/2) D:10
    Elf (1/3) Orc:2         Sewer (visited)
  Slime: Lair:5-6

Altars:
Ashenzari
Cheibriados
Gozag
Kikubaaqudgha
Nemelex Xobeh
Okawaru
Qazlal
Ru
Sif Muna
Trog
Uskayaw
Vehumet
Yredelemnul
Zin
Beogh

Shops:
D:4 ![   D:9 !   Orc:1 *   Orc:2 !((}

Annotations:
D:6 1 runed translucent door, Gadfly's ghost, novice DsMo
D:9 PaulBellow's ghost, novice HOFi
Orc:1 2 transporters, Rawiep's ghost, journeyman MiFi


Innate Abilities, Weirdness & Mutations

You have a beak for a mouth.
You have claws for feet.
[You are very clumsy. (Dex -4)]
[Your magical capacity is extremely low. (-30% MP)]
You cannot study or use magical devices.
You are somewhat inexperienced. (-2 XL)
You can fly continuously.
You passively map a small area around you.
Your muscles are strong. (Str +2)
You evolve.
You expend magic power (3 MP) to strengthen your wands.
[You have an uncontrollable temper.]
[Scrolls take you much longer to read.]
[You are very clumsy. (Dex -4)]
[Your body often deteriorates upon taking damage.]
[You are very dopey. (Int -4)]
[You are extremely frail. (-30% HP)]
[Your magical capacity is extremely low. (-30% MP)]
[You frequently scream uncontrollably at your foes.]
[You are very weak. (Str -4)]
[Your spells are much easier to cast, but much less powerful.]


Message History

You slash the flying skull!
You claw the flying skull, but do no damage.
The flying skull is heavily damaged.
You redirect the flying skull's attack!
The flying skull hits itself but does no damage.
The wretched star pulses with an eldritch light!
You feel extremely angry at everything!
The flying skull is stunned by your will and fails to attack.
Really read with blurry vision while enemies are nearby?
The flying skull hits you.
* * * LOW HITPOINT WARNING * * *
You focus your will and blind the flying skull in retribution!
You begin reading the scroll.
You continue reading the scroll.
The flying skull misses you.
The wretched star pulses with an eldritch light!
You feel a strong urge to scream.
The flying skull hits you but does no damage.
You continue reading the scroll.
The flying skull hits you!
You die...

##. #. #. ##..
.## # . #.
..#.. . #
....#. ## ># #
# # ##. ..#
....## .#.#..
.....# ......#
...
......###.#.##
#. #.#*z@..##
..
#..X###......#.
##.## #####..#
#. #.. . .# #.#
. .X ..#. ... .
#..# ..# . #.
..#


You could see a wretched star, a large abomination and a flying skull (blind).

Vanquished Creatures
  A tentacled starspawn (Abyss:1)
  Snorg (Orc:1)
  A rakshasa (Abyss:1)
  Erica (D:9)
  3 hydras
  2 two-headed ogres
  3 ogre magi (Orc:2)
  Nergalle (Orc:2)
  An orc knight (Orc:1)
  Pikel (D:9)
  A deep elf mage (Elf:1)
  7 orc sorcerers
  3 black mambas
  A komodo dragon (Lair:2)
  4 spiny frogs
  4 trolls
  5 blink frogs (Lair:4)
  A snapping turtle (Lair:4)
  5 hippogriffs
  15 yaks
  2 wyverns
  2 spriggans (Lair:1)
  5 basilisks
  Grum (D:8)
  8 nagas (Lair:2)
  4 wargs
  2 porcupines
  8 water moccasins
  11 orc warriors
  2 phantoms
  A sky beast (D:5)
  2 ice beasts
  A large abomination (Abyss:1)
  A necrophage (D:8)
  7 ogres
  10 wolves
  2 centaurs (D:6)
  8 crocodiles
  8 bullfrogs
  6 big kobolds
  2 gnoll sergeants
  2 wyvern skeletons
  A scorpion (D:5)
  4 wights (D:6)
  3 howler monkeys
  An electric eel (Lair:4)
  A bullfrog zombie (D:6)
  A crimson imp (D:7)
  2 jellies
  5 hounds
  35 orc wizards
  8 orc priests
  A bullfrog skeleton (D:10)
  2 centaur skeletons
  3 iguanas
  3 worker ants
  A killer bee zombie (D:8)
  16 gnolls
  A river rat (Sewer)
  11 adders
  2 howler monkey skeletons
  3 shadow imps
  An ufetubus (Abyss:1)
  An ooze (D:3)
  An adder zombie (D:10)
  3 worms
  5 leopard geckos
  71 orcs
  8 ball pythons
  5 bats
  11 giant cockroaches
  11 goblins
  14 hobgoblins
  22 jackals
  5 quokkas
  3 frilled lizards
  17 kobolds
  A quokka zombie (D:7)
  13 rats
  A spectral orc (D:5)
  A plant (Lair:1)
454 creatures vanquished.

Vanquished Creatures (collateral kills)
  A big kobold (D:9)
  4 kobolds (D:9)
5 creatures vanquished.

Vanquished Creatures (others)
  A yak (D:9)
  An orc priest (Orc:1)
  A bullfrog skeleton (D:10)
  An ufetubus (Abyss:1)
  2 orcs
  A fungus (Lair:4)
  5 plants
  5 starspawn tentacles (Abyss:1)
17 creatures vanquished.

Grand Total: 476 creatures vanquished

Notes
Turn   | Place    | Note
-------+----------+-------------------------------------------
     0 | D:1      | Bronimir the Tengu Fire Elementalist began the quest for
                  | the Orb.
     0 | D:1      | Reached XP level 1. HP: 10/10 MP: 4/4
   153 | D:1      | Reached XP level 2. HP: 15/15 MP: 4/6
   488 | D:1      | Learned a level 2 spell: Throw Flame
   504 | D:1      | Reached XP level 3. HP: 17/19 MP: 1/7
  1160 | D:1      | Reached skill level 1 in Armour
  1502 | D:2      | Learned a level 3 spell: Conjure Flame
  1579 | D:2      | Reached XP level 4. HP: 24/24 MP: 3/8
  1728 | D:2      | Reached skill level 2 in Conjurations
  2494 | D:3      | Gained mutation: You can fly continuously. [Tengu growth]
  2494 | D:3      | Reached XP level 5. HP: 20/28 MP: 7/9
  2735 | D:3      | Found a glowing drain.
  2744 | Sewer    | Entered a sewer
  2756 | Sewer    | Reached skill level 3 in Conjurations
  2821 | Sewer    | Reached skill level 5 in Fire Magic
  2889 | Sewer    | Noticed a big kobold
  2897 | Sewer    | Killed a big kobold
  2897 | Sewer    | Reached XP level 6. HP: 27/32 MP: 11/11
  3006 | Sewer    | Reached skill level 4 in Conjurations
  3399 | D:3      | Found a sacrificial altar of Ru.
  4389 | D:3      | Became a worshipper of Ru the Awakened
  4411 | D:4      | Found Gar Zeph's Distillery.
  4419 | D:4      | Bought a potion of heal wounds for 70 gold pieces
  4419 | D:4      | Bought a potion of curing for 42 gold pieces
  4455 | D:4      | Reached XP level 7. HP: 36/36 MP: 9/12
  4542 | D:4      | Learned a level 4 spell: Sticky Flame
  4565 | D:4      | Found Fasa's Armour Boutique.
  4673 | D:4      | Reached skill level 5 in Conjurations
  4679 | D:4      | Found a radiant altar of Vehumet.
  4855 | D:4      | Found an iron altar of Okawaru.
  5012 | D:4      | Found a staircase to the Ecumenical Temple.
  5340 | D:5      | Entered Level 5 of the Dungeon
  5853 | D:5      | Found a hide-covered altar of Uskayaw.
  5907 | D:5      | Reached skill level 1 in Shields
  5947 | D:5      | Found a snail-covered altar of Cheibriados.
  5948 | D:5      | Found a shimmering blue altar of Sif Muna.
  6059 | D:5      | Found a basalt altar of Yredelemnul.
  6154 | D:5      | Reached XP level 8. HP: 26/41 MP: 14/14
  6449 | D:6      | Reached skill level 1 in Polearms
  6917 | D:6      | Reached skill level 6 in Conjurations
  7329 | D:6      | Noticed Gadfly's ghost (novice DsMo)
  7336 | D:6      | Found a runed translucent door.
  7511 | D:6      | Reached skill level 1 in Fighting
  7650 | D:6      | Gained mutation: You are somewhat inexperienced. (-2 XL)
                  | [Ru sacrifice]
  7650 | D:6      | Reached XP level 7. HP: 38/38 MP: 22/22
  7650 | D:6      | Reached XP level 6. HP: 34/34 MP: 21/21
  7650 | D:6      | Reached * piety under Ru
  7650 | D:6      | Reached ** piety under Ru
  7667 | D:6      | Reached XP level 7. HP: 35/38 MP: 11/13
  8086 | D:6      | Found a glowing silver altar of Zin.
  8422 | D:7      | Reached skill level 7 in Conjurations
  8465 | D:7      | Found an opulent altar of Gozag.
  9146 | D:8      | Noticed Grum
  9156 | D:7      | Reached XP level 8. HP: 16/43 MP: 14/14
  9181 | D:8      | HP: 1/43 [wolf[Grum] (9)]
  9645 | D:8      | Learned a level 5 spell: Fireball
  9678 | D:8      | Found a staircase to the Lair.
  9924 | D:8      | Found a bloodstained altar of Trog.
 10122 | D:8      | Found a stormy altar of Qazlal.
 10148 | D:8      | Killed Grum
 10222 | Lair:1   | Entered Level 1 of the Lair of Beasts
 10338 | Lair:1   | Noticed a hippogriff
 10347 | Lair:1   | Killed a hippogriff
 10347 | Lair:1   | Reached skill level 5 in Armour
 10347 | Lair:1   | Reached skill level 8 in Conjurations
 10347 | Lair:1   | Reached XP level 9. HP: 32/48 MP: 16/16
 10445 | Lair:1   | Found a hide-covered altar of Uskayaw.
 10445 | Lair:1   | Noticed a spiny frog
 10751 | Lair:1   | Gained mutation: You cannot study or use magical devices.
                  | [Ru sacrifice]
 10751 | Lair:1   | Reached *** piety under Ru
 10751 | Lair:1   | Reached **** piety under Ru
 11002 | Lair:1   | Reached skill level 1 in Throwing
 11057 | Lair:1   | Killed a spiny frog
 11065 | Lair:1   | Reached skill level 9 in Conjurations
 11539 | Lair:2   | Reached skill level 5 in Spellcasting
 11668 | Lair:2   | Noticed a komodo dragon
 11690 | Lair:2   | Killed a komodo dragon
 11690 | Lair:2   | Reached XP level 10. HP: 39/54 MP: 2/18
 12263 | D:9      | Found a runed translucent gate.
 12263 | D:9      | Found a runed translucent gate.
 12263 | D:9      | Found a runed translucent gate.
 12263 | D:9      | Noticed an 11-headed hydra
 12263 | D:9      | Noticed PaulBellow's ghost (novice HOFi)
 12292 | Lair:1   | Gained mutation: You evolve. [potion of mutation]
 12292 | Lair:1   | Gained mutation: You passively map a small area around you.
                  | [potion of mutation]
 12625 | Lair:2   | Reached skill level 10 in Conjurations
 12731 | Lair:2   | Found a staircase to the Snake Pit.
 12919 | Lair:2   | Reached skill level 5 in Dodging
 13379 | Lair:3   | Gained mutation: [You are clumsy. (Dex -2)] [Ru sacrifice]
 13379 | Lair:3   | Reached ***** piety under Ru
 13604 | Lair:3   | Reached skill level 5 in Polearms
 13619 | Lair:3   | Noticed a spiny frog
 13632 | Lair:3   | Killed a spiny frog
 13918 | Lair:3   | Learned a level 6 spell: Bolt of Fire
 13952 | Lair:3   | Reached XP level 11. HP: 55/59 MP: 14/21
 14511 | Lair:3   | Gained mutation: You expend magic power (3 MP) to
                  | strengthen your wands. [evolution]
 14561 | Lair:4   | Noticed a seven-headed hydra
 15254 | Lair:4   | Reached skill level 10 in Fire Magic
 15659 | Lair:4   | Noticed an eight-headed hydra
 15675 | Lair:4   | Killed an eight-headed hydra
 15675 | Lair:4   | Reached skill level 11 in Conjurations
 16232 | Lair:4   | Found a shattered altar of Ashenzari.
 16423 | Lair:4   | Killed a seven-headed hydra
 16862 | Lair:4   | Found a staircase to the Shoals.
 16952 | Lair:4   | Gained mutation: Your muscles are strong. (Str +2)
                  | [evolution]
 17533 | Lair:5   | Reached skill level 12 in Conjurations
 17822 | D:9      | Reached XP level 12. HP: 37/64 MP: 11/23
 18135 | D:9      | Gained mutation: [Your magical capacity is low. (-10% MP)]
                  | [Ru sacrifice]
 18210 | D:9      | Noticed Erica
 18218 | D:9      | Killed Erica
 18483 | D:9      | Found a sparkling altar of Nemelex Xobeh.
 18507 | D:9      | Noticed a two-headed ogre
 18518 | D:9      | Killed a two-headed ogre
 18562 | D:9      | Found Hiloch's Distillery.
 18728 | D:9      | Noticed Pikel
 18736 | D:9      | Killed Pikel
 19030 | D:8      | Killed an 11-headed hydra
 19153 | D:10     | Entered Level 10 of the Dungeon
 19608 | D:10     | Found a staircase to the Orcish Mines.
 19739 | Orc:1    | Entered Level 1 of the Orcish Mines
 19775 | Orc:1    | Found Bosep's Assorted Antiques.
 19778 | Orc:1    | Bought a potion of heal wounds for 120 gold pieces
 19778 | Orc:1    | Bought a potion of curing for 72 gold pieces
 19864 | Orc:1    | Found a transporter.
 19880 | Orc:1    | Found a transporter.
 19883 | Orc:1    | Noticed Rawiep's ghost (journeyman MiFi)
 19925 | Orc:1    | Noticed Snorg
 19941 | Orc:1    | Killed Snorg
 20272 | Orc:2    | Entered Level 2 of the Orcish Mines
 20294 | Orc:2    | Learned a level 4 spell: Summon Lightning Spire
 20588 | Orc:2    | Found a staircase to the Elven Halls.
 20660 | Orc:2    | Reached skill level 1 in Summonings
 20662 | Orc:2    | Noticed a two-headed ogre
 20718 | Orc:2    | Killed a two-headed ogre
 20718 | Orc:2    | Reached XP level 13. HP: 60/72 MP: 2/23
 21028 | Orc:2    | Found Epnioc's Antique Weapon Shoppe.
 21130 | Orc:2    | Bought an arbalest for 130 gold pieces
 21145 | Orc:2    | Found a radiant altar of Vehumet.
 21151 | Orc:2    | Reached skill level 13 in Conjurations
 21186 | Orc:2    | Found Uloos's Antique Weapon Shoppe.
 21195 | Orc:2    | Reached skill level 5 in Fighting
 21206 | Orc:2    | Noticed Nergalle
 21216 | Orc:2    | Killed Nergalle
 21302 | Orc:2    | Found an ancient bone altar of Kikubaaqudgha.
 21334 | Orc:2    | Paralysed by an orc sorcerer for 7 turns
 21445 | Orc:2    | Found a roughly hewn altar of Beogh.
 21446 | Orc:2    | Found Dongeonoar's Gadget Emporium.
 21455 | Orc:2    | Reached skill level 1 in Crossbows
 21461 | Orc:2    | Paralysed by an orc sorcerer for 7 turns
 21699 | Orc:2    | Found Yhooggel's Distillery.
 21706 | Orc:2    | Bought a potion of heal wounds for 70 gold pieces
 21706 | Orc:2    | Bought a potion of curing for 42 gold pieces
 21706 | Orc:2    | Bought a potion of haste for 140 gold pieces
 21843 | Elf:1    | Entered Level 1 of the Elven Halls
 21852 | Elf:1    | Cast into level 1 of the Abyss (deep elf mage)
 21885 | Abyss:1  | Noticed a tentacled starspawn
 21893 | Abyss:1  | Noticed a rakshasa
 21897 | Abyss:1  | Killed a tentacled starspawn
 21912 | Abyss:1  | Killed a rakshasa
 22001 | Abyss:1  | Found a hide-covered altar of Uskayaw.
 22089 | Abyss:1  | Slain by a flying skull

Levels and vault maps discovered:
D:1:      evilmike_arrival_rings, layout_basic, hangedman_feature_mirror
D:2:      layout_rooms, serial_glass, glass_columns_b, glass_columns_a,
          glass_columns_a, glass_columns_b, glass_columns_b, glass_columns_a,
          glass_columns_b, glass_columns_a
D:3:      minmay_bubble_buster, layout_loops_corners,
          nicolae_ru_great_annihilating_truth, portal_sewer_entry_e
D:4:      layout_basic, vehumet_crystals, minmay_temple_entry_from_below_b,
          serial_shops, shop_statue, nicolae_shop_waterfront,
          okawaru_metal_pillars_1_2
D:5:      layout_loops_ring, eat_drink_and_be_merry_uskayaw,
          yredelemnul_forgotten_temple_becter, minitemple, first_ration
D:6:      layout_basic, zin_statuary, hellmonk_ghost_happy_afterlife,
          hangedman_decor_points
D:7:      layout_basic, nicolae_overflow_hidden_temple, roderic_lattice_a
D:8:      layout_rooms, lemuel_round_altar, nicolae_qazlal_eye_of_the_storm,
          lair_entry_dummy, uniq_maurice, uniq_grum
D:9:      layout_irregular_city, nemelex_xobeh_ov_fountains_minmay,
          gammafunk_ghost_hydra_chop, serial_shops, nicolae_shop_trees,
          uniq_erica, uniq_pikel
D:10:     layout_gridville, kennysheep_orc_monster_closet_entryway,
          hangedman_little_slice_of_home
Lair:1:   wad_woods_stonehenge, layout_gridlike
Lair:2:   layout_regular_city, minmay_snake_entry_guardpost_medium
Lair:3:   layout_loops_ring
Lair:4:   layout_cave_pods, minmay_shoals_entry_hut, basic_altar,
          grunt_megastairs_2, lemuel_fruit_tree
Lair:5:   layout_cave_pods, grunt_megastairs_3
Orc:1:    layout_diamond_mine, basic_altar, gammafunk_ghost_stat_death,
          serial_shops, nicolae_shop_behind_doors, uniq_snorg
Orc:2:    kennysheep_orc_mage_school, layout_caves
Elf:1:    minmay_elf_arrival_plus, layout_geoelf_grid,
          hangedman_elven_crosses_minicolossus, serial_sigils_hangedman_snap,
          uniq_frances
Abyss:1:  lemuel_firewalk_3

Skill      XL: |  1  2  3  4  5  6  7  8  9 10 11 12 13 |
---------------+----------------------------------------+-----
Fire Magic     | 4 5 6 8 9 11 12 | 12.3
Armour         | 1 2 4 5 6 7 |  7.0
Conjurations   | 2 3 4 7 8 9 10 12 13 | 13.2
Spellcasting   | 3 4 5 6 7 8 |  8.2
Dodging        | 3 4 5 6 7 |  7.0
Shields        | 1 2 3 |  3.6
Polearms       | 3 4 5 6 8 9 |  9.6
Fighting       | 1 2 3 4 5 |  5.1
Throwing       | 1 2 |  2.3
Summonings     | 1 4 |  4.5
Crossbows      | 1 |  1.4
Slings         | |  0.8
Stealth        | |  2.0

Action                   |  1- 3 |  4- 6 |  7- 9 | 10-12 | 13-15 || total
-------------------------+-------+-------+-------+-------+-------++-------
Melee: Spear             |    22 |    23 |     7 |       |       ||    52
       Kick              |     2 |     4 |    68 |    69 |    19 ||   162
       Peck              |     3 |     1 |    38 |    48 |    16 ||   106
       Trident           |       |     3 |   290 |   118 |       ||   411
       Glaive            |       |       |       |   258 |   108 ||   366
 Fire: Hunting sling     |    10 |       |       |       |       ||    10
       Arbalest          |       |       |       |       |     7 ||     7
Throw: Boomerang         |     4 |       |       |       |       ||     4
       Dart              |       |       |    18 |    12 |       ||    30
 Cast: Flame Tongue      |    51 |   113 |   110 |    88 |     4 ||   366
       Throw Flame       |     7 |     4 |    19 |    37 |     8 ||    75
       Sticky Flame      |       |     2 |    45 |    78 |    13 ||   138
       Conjure Flame     |       |     1 |     1 |     3 |       ||     5
       Fireball          |       |       |       |    28 |    14 ||    42
       Bolt of Fire      |       |       |       |     2 |     1 ||     3
Invok: Sacrifice Experie |       |     1 |       |       |       ||     1
       Draw Out Power    |       |       |     1 |     5 |     1 ||     7
       Sacrifice Artific |       |       |     1 |       |       ||     1
       Sacrifice Purity  |       |       |       |     1 |       ||     1
       Power Leap        |       |       |       |     2 |     1 ||     3
       Sacrifice Essence |       |       |       |     1 |       ||     1
 Abil: Fly               |       |     1 |       |       |       ||     1
  Use: Potion            |       |     4 |     4 |     2 |     3 ||    13
       Scroll            |       |       |    12 |    13 |     1 ||    26
 Stab: Paralysed         |       |     1 |       |     2 |       ||     3
       Sleeping          |       |       |     2 |     3 |       ||     5
       Petrified         |       |       |       |     6 |       ||     6
       Invisible         |       |       |       |     2 |     1 ||     3
       Distracted        |       |       |       |     4 |     1 ||     5
  Eat: Chunk             |     3 |     6 |    26 |    46 |     9 ||    90
       Ration            |       |     1 |     2 |     6 |       ||     9
Armor: Robe              |     8 |       |       |       |       ||     8
       Leather armour    |       |    13 |    60 |       |       ||    73
       Ring mail         |       |       |    39 |    75 |       ||   114
       Troll leather arm |       |       |       |   105 |    35 ||   140
Dodge: Dodged            |    45 |    42 |   280 |   479 |    91 ||   937
Block: Buckler           |       |     3 |    65 |    61 |       ||   129
